Kings vs Sabres

Created - December 3 2010 at 17:36

Goals
1 2 3 T
Kings 1 2 0 3
Sabres 3 1 2 6
Shots
1 2 3 T
Kings 7 11 9 27
Sabres 9 9 13 31

Period #1

1. Sabres , Johan Franzen 4 (Joni Pitkanen, Paul Gaustad) at 4:42
2. Kings , Matt Duchene 8 (Bryan Allen, Michael Frolik) at 6:36
3. Sabres , Brooks Laich 16 (Jeff Schultz, James Neal) at 14:44
4. Sabres , James Neal 6 (Jeff Schultz, Ryan Miller) at 18:56

Penalties :
Chris Phillips (BUF) for Goalie Interference (Minor) at 0:31, Mike Richards (BUF) for Holding (Minor) at 15:15

Period #2

5. Sabres , Andreas Nodl 1 (Mike Richards, Dmitry Kulikov) at 3:31
6. Kings , Ethan Moreau 2 (Kent Huskins, Michael Del Zotto) at 5:09
7. Kings , Kent Huskins 3 (Ethan Moreau, Michael Del Zotto) at 5:48 (PP)

Penalties :
Eric Fehr (BUF) for Hooking (Minor) at 1:04, Mike Richards (BUF) for Tripping (Minor) at 5:34, Darroll Powe (LOS) for Slashing (Minor) at 7:12, Colton Orr (LOS) for Hooking (Minor) at 12:18

Period #3

8. Sabres , James Neal 7 (Brooks Laich, Jeff Schultz) at 0:48
9. Sabres , Johan Franzen 5 (Joni Pitkanen, Paul Gaustad) at 4:55

Penalties :
Tuomo Ruutu (BUF) for Close Hand On Puck (Minor) at 0:49, James Neal (BUF) for Hooking (Minor) at 5:49, Michael Del Zotto (LOS) for Roughing (Minor) at 18:36

Goalie Stats

Ondrej Pavelec (LOS), 11 saves from 12 shots - (0.917), 19:12 minutes
Nikolai Khabibulin (LOS), 14 saves from 19 shots - (0.737), L, 5-9-0, 40:48 minutes
Ryan Miller (BUF), 24 saves from 27 shots - (0.889), W, 13-9-4, 60:00 minutes

Players Stats

Kings
Player Name              G  A  P  +/- PIM S  H  SB FO    MP 
------------------------------------------------------------
Aaron Gagnon             0  0  0  -1  0   1  1  0  3/8   6  
Bryan Allen              0  1  1  -3  0   1  1  2  0/0   21 
Byron Bitz               0  0  0   0  0   0  0  0  0/1   16 
Chris Chelios            0  0  0   0  0   0  1  0  0/0   15 
Colton Orr               0  0  0  -1  2   1  1  0  0/0   6  
Craig Adams              0  0  0   0  0   2  6  1  1/1   18 
Craig Conroy             0  0  0   0  0   1  1  0  5/13  17 
Daniel Winnik            0  0  0  -1  0   2  0  1  3/6   20 
Darroll Powe             0  0  0  -1  2   1  1  0  13/23 17 
Ethan Moreau             1  1  2  -1  0   8  0  0  0/1   17 
Jamie McBain             0  0  0  -3  0   2  0  0  0/0   22 
Jay Pandolfo             0  0  0  -1  0   0  0  0  0/1   7  
Kent Huskins             1  1  2  -1  0   2  0  0  0/0   21 
Matt Duchene             1  0  1  -2  0   3  0  0  13/21 18 
Michael Del Zotto        0  2  2  -1  2   2  5  0  0/0   19 
Michael Frolik           0  1  1  -2  0   0  2  1  0/1   18 
Mike Lundin              0  0  0   0  0   0  0  1  0/0   18 
Sean Bergenheim          0  0  0  -2  0   1  3  0  0/2   18 
Sabres
Player Name              G  A  P  +/- PIM S  H  SB FO    MP 
------------------------------------------------------------
Andreas Nodl             1  0  1   1  0   1  2  0  0/0   8  
Anton Volchenkov         0  0  0   2  0   0  3  0  0/0   21 
Brooks Laich             1  1  2   2  0   6  0  0  8/17  22 
Chris Phillips           0  0  0   1  2   1  1  1  0/0   23 
Devin Setoguchi          0  0  0   0  0   0  0  0  1/1   11 
Dmitry Kulikov           0  1  1   1  0   0  0  0  0/0   8  
Eric Fehr                0  0  0   2  2   4  0  0  0/0   15 
James Neal               2  1  3   2  2   4  3  0  2/2   20 
Jeff Schultz             0  3  3   2  0   1  0  1  0/0   21 
Johan Franzen            2  0  2   1  0   3  0  0  0/1   17 
Joni Pitkanen            0  2  2   1  0   0  2  1  0/0   16 
Kim Johnsson             0  0  0   1  0   0  0  1  0/0   15 
Mark Mancari             0  0  0   1  0   1  0  0  0/0   8  
Mike Richards            0  1  1   1  4   6  2  1  15/28 23 
Patrick Kaleta           0  0  0   1  0   2  2  1  0/2   15 
Paul Gaustad             0  2  2   1  0   1  0  0  9/12  15 
Tuomo Ruutu              0  0  0   0  2   0  2  0  5/15  15 
Tyler Myers              0  0  0   0  0   1  0  2  0/0   16 

3 Stars

1 - James Neal (BUF)
2 - Johan Franzen (BUF)
3 - Jeff Schultz (BUF)

Power Play

Kings - 1 on 6 Attempt(s) - 16.67%
Sabres - 0 on 3 Attempt(s) - 0.00%

Penalty Kill

Kings - 3 on 3 Attempt(s) - 100.00% - Score 0 goal in Penalty Kill
Sabres - 5 on 6 Attempt(s) - 83.33% - Score 0 goal in Penalty Kill

Game Notes

Ondrej Pavelec enters game at 0:48 of 3rd period

Finance

Level 1 -- Attendance: 5066 (77.94%) -- Ticket Income $476,204.00
Level 2 -- Attendance: 4127 (82.54%) -- Ticket Income $226,985.00
Level 3 -- Attendance: 3117 (89.06%) -- Ticket Income $102,861.00
Level 4 -- Attendance: 2690 (100.00%) -- Ticket Income $53,800.00
Luxury Box -- Attendance: 962 (96.20%) -- Ticket Income $180,856.00
Game was played at the HSBC Arena
Total Attendance: 15962 (85.40%)
Total Ticket Income: $1,047,216.00
Other Income: $166,953.60
Total Income: $1,214,170.00


Play by Play

Period #1

0:01 of 1st period - Matt Duchene wins face-off versus Mike Richards in neutral zone.
0:31 of 1st period - Minor Penalty to Chris Phillips for Goalie Interference.
0:32 of 1st period - Tuomo Ruutu wins face-off versus Daniel Winnik in Sabres zone.
0:59 of 1st period - Shot by Michael Del Zotto.
0:59 of 1st period - Stopped by Ryan Miller without a rebound.
1:00 of 1st period - Mike Richards wins face-off versus Matt Duchene in Sabres zone.
1:22 of 1st period - Icing by Jamie McBain.
1:23 of 1st period - Matt Duchene wins face-off versus Tuomo Ruutu in Kings zone.
1:23 of 1st period - Matt Duchene is hit by James Neal.
1:30 of 1st period - Shot by Bryan Allen.
1:30 of 1st period - Shot Misses the Net.
1:32 of 1st period - Shot by Matt Duchene.
1:32 of 1st period - Shot Misses the Net.
1:34 of 1st period - Shot by Jamie McBain.
1:34 of 1st period - Shot Misses the Net.
4:12 of 1st period - Shot by Mark Mancari.
4:12 of 1st period - Stopped by Nikolai Khabibulin without a rebound.
4:13 of 1st period - Matt Duchene wins face-off versus Patrick Kaleta in Kings zone.
4:18 of 1st period - Patrick Kaleta is hit by Sean Bergenheim and loses puck.
4:42 of 1st period - Shot by Johan Franzen.
4:42 of 1st period - Goal by Johan Franzen - Kings : 0 - Sabres : 1.
4:43 of 1st period - Darroll Powe wins face-off versus Mike Richards in neutral zone.
4:53 of 1st period - Chris Phillips is hit by Michael Del Zotto and loses puck.
5:06 of 1st period - Andreas Nodl is hit by Darroll Powe.
5:11 of 1st period - Chris Phillips is hit by Michael Del Zotto and loses puck.
6:28 of 1st period - Shot by Matt Duchene.
6:28 of 1st period - Shot Blocked by Joni Pitkanen.
6:32 of 1st period - Shot by Matt Duchene.
6:32 of 1st period - Shot Misses the Net.
6:36 of 1st period - Shot by Matt Duchene.
6:36 of 1st period - Goal by Matt Duchene - Kings : 1 - Sabres : 1.
6:37 of 1st period - Mike Richards wins face-off versus Aaron Gagnon in neutral zone.
8:04 of 1st period - Paul Gaustad is hit by Craig Adams and loses puck.
8:20 of 1st period - Icing by Michael Del Zotto.
8:21 of 1st period - Darroll Powe wins face-off versus Brooks Laich in Kings zone.
9:10 of 1st period - Off-side.
9:11 of 1st period - Mike Richards wins face-off versus Aaron Gagnon in neutral zone.
9:20 of 1st period - Shot by Chris Phillips.
9:20 of 1st period - Shot Blocked by Bryan Allen.
9:34 of 1st period - Shot by Mike Richards.
9:34 of 1st period - Stopped by Nikolai Khabibulin without a rebound.
9:35 of 1st period - Darroll Powe wins face-off versus Mike Richards in Kings zone.
9:35 of 1st period - Darroll Powe is hit by Tuomo Ruutu.
10:08 of 1st period - Daniel Winnik is hit by Tuomo Ruutu and loses puck.
11:17 of 1st period - Craig Adams is hit by Patrick Kaleta and loses puck.
11:35 of 1st period - Craig Conroy is hit by Anton Volchenkov and loses puck.
12:00 of 1st period - Shot by Brooks Laich.
12:00 of 1st period - Stopped by Nikolai Khabibulin without a rebound.
12:01 of 1st period - Aaron Gagnon wins face-off versus Mike Richards in Kings zone.
12:12 of 1st period - Shot by Colton Orr.
12:12 of 1st period - Shot Misses the Net.
12:14 of 1st period - Shot by Aaron Gagnon.
12:14 of 1st period - Stopped by Ryan Miller without a rebound.
12:15 of 1st period - Darroll Powe wins face-off versus Mike Richards in Sabres zone.
12:32 of 1st period - Shot by Ethan Moreau.
12:32 of 1st period - Stopped by Ryan Miller without a rebound.
12:33 of 1st period - Matt Duchene wins face-off versus Brooks Laich in Sabres zone.
13:18 of 1st period - Shot by Tyler Myers.
13:18 of 1st period - Deflect By Mike Richards.
13:18 of 1st period - Shot Misses the Net.
13:20 of 1st period - Shot by Chris Phillips.
13:20 of 1st period - Shot Misses the Net.
13:32 of 1st period - Chris Phillips is hit by Michael Frolik and loses puck.
13:59 of 1st period - Joni Pitkanen is hit by Michael Frolik and loses puck.
14:10 of 1st period - Shot by Johan Franzen.
14:10 of 1st period - Shot Misses the Net.
14:12 of 1st period - Shot by Joni Pitkanen.
14:12 of 1st period - Shot Misses the Net.
14:14 of 1st period - Shot by Paul Gaustad.
14:14 of 1st period - Stopped by Nikolai Khabibulin without a rebound.
14:15 of 1st period - James Neal wins face-off versus Darroll Powe in Kings zone.
14:18 of 1st period - Shot by Eric Fehr.
14:18 of 1st period - Shot Misses the Net.
14:22 of 1st period - Shot by Eric Fehr.
14:22 of 1st period - Stopped by Nikolai Khabibulin with a rebound.
14:30 of 1st period - Shot by James Neal.
14:30 of 1st period - Shot Misses the Net.
14:34 of 1st period - Shot by Brooks Laich.
14:34 of 1st period - Shot Misses the Net.
14:36 of 1st period - Shot by Brooks Laich.
14:36 of 1st period - Stopped by Nikolai Khabibulin with a rebound.
14:40 of 1st period - Shot by James Neal.
14:40 of 1st period - Shot Misses the Net.
14:44 of 1st period - Shot by Brooks Laich.
14:44 of 1st period - Goal by Brooks Laich - Kings : 1 - Sabres : 2.
14:45 of 1st period - Craig Conroy wins face-off versus Mike Richards in neutral zone.
14:45 of 1st period - Craig Adams is hit by Andreas Nodl.
15:15 of 1st period - Minor Penalty to Mike Richards for Holding.
15:16 of 1st period - Tuomo Ruutu wins face-off versus Darroll Powe in Sabres zone.
15:46 of 1st period - Shot by Michael Del Zotto.
15:46 of 1st period - Stopped by Ryan Miller without a rebound.
15:47 of 1st period - Tuomo Ruutu wins face-off versus Darroll Powe in Sabres zone.
16:54 of 1st period - Shot by Craig Conroy.
16:54 of 1st period - Stopped by Ryan Miller without a rebound.
16:55 of 1st period - Craig Adams wins face-off versus Tuomo Ruutu in Sabres zone.
18:56 of 1st period - Shot by James Neal.
18:56 of 1st period - Goal by James Neal - Kings : 1 - Sabres : 3.
18:57 of 1st period - Darroll Powe wins face-off versus Tuomo Ruutu in neutral zone.
19:11 of 1st period - Shot by Ethan Moreau.
19:11 of 1st period - Shot Misses the Net.
19:13 of 1st period - Shot by Kent Huskins.
19:13 of 1st period - Shot Blocked by Mike Richards.
19:15 of 1st period - Shot by Darroll Powe.
19:15 of 1st period - Stopped by Ryan Miller without a rebound.
19:16 of 1st period - Matt Duchene wins face-off versus Brooks Laich in Sabres zone.
19:28 of 1st period - Icing by Brooks Laich.
19:29 of 1st period - Craig Conroy wins face-off versus Brooks Laich in Sabres zone.
19:47 of 1st period - James Neal is hit by Chris Chelios and loses puck.

Period #2

0:01 of 2nd period - Matt Duchene wins face-off versus Mike Richards in neutral zone.
1:04 of 2nd period - Minor Penalty to Eric Fehr for Hooking.
1:05 of 2nd period - Darroll Powe wins face-off versus Brooks Laich in Sabres zone.
1:08 of 2nd period - Shot by Daniel Winnik.
1:08 of 2nd period - Deflect By Ethan Moreau.
1:08 of 2nd period - Shot Misses the Net.
1:10 of 2nd period - Shot by Daniel Winnik.
1:10 of 2nd period - Shot Misses the Net.
1:12 of 2nd period - Shot by Daniel Winnik.
1:12 of 2nd period - Shot Misses the Net.
1:14 of 2nd period - Shot by Daniel Winnik.
1:14 of 2nd period - Stopped by Ryan Miller without a rebound.
1:15 of 2nd period - Brooks Laich wins face-off versus Darroll Powe in Sabres zone.
1:28 of 2nd period - Shot by Kent Huskins.
1:28 of 2nd period - Stopped by Ryan Miller with a rebound.
1:32 of 2nd period - Shot by Darroll Powe.
1:32 of 2nd period - Shot Blocked by Jeff Schultz.
1:37 of 2nd period - Daniel Winnik is hit by Anton Volchenkov and loses puck.
1:40 of 2nd period - Shot by Daniel Winnik.
1:40 of 2nd period - Deflect By Ethan Moreau.
1:40 of 2nd period - Stopped by Ryan Miller without a rebound.
1:41 of 2nd period - Mike Richards wins face-off versus Matt Duchene in Sabres zone.
1:54 of 2nd period - Shot by Bryan Allen.
1:54 of 2nd period - Stopped by Ryan Miller without a rebound.
1:55 of 2nd period - Matt Duchene wins face-off versus Tuomo Ruutu in Sabres zone.
2:05 of 2nd period - Shot by Jamie McBain.
2:05 of 2nd period - Stopped by Ryan Miller without a rebound.
2:06 of 2nd period - Mike Richards wins face-off versus Darroll Powe in Sabres zone.
2:51 of 2nd period - Shot by Bryan Allen.
2:51 of 2nd period - Shot Blocked by Tyler Myers.
2:53 of 2nd period - Shot by Bryan Allen.
2:53 of 2nd period - Shot Blocked by Chris Phillips.
2:59 of 2nd period - Shot by Jamie McBain.
2:59 of 2nd period - Shot Misses the Net.
3:17 of 2nd period - Shot by Craig Adams.
3:17 of 2nd period - Stopped by Ryan Miller without a rebound.
3:18 of 2nd period - Mike Richards wins face-off versus Aaron Gagnon in Sabres zone.
3:31 of 2nd period - Shot by Mike Richards.
3:31 of 2nd period - Deflect By Andreas Nodl.
3:31 of 2nd period - Goal by Andreas Nodl - Kings : 1 - Sabres : 4.
3:32 of 2nd period - Paul Gaustad wins face-off versus Craig Conroy in neutral zone.
3:38 of 2nd period - Icing by Mike Lundin.
3:39 of 2nd period - Paul Gaustad wins face-off versus Craig Conroy in Kings zone.
4:44 of 2nd period - Shot by Mike Richards.
4:44 of 2nd period - Stopped by Nikolai Khabibulin without a rebound.
4:45 of 2nd period - Brooks Laich wins face-off versus Darroll Powe in Kings zone.
5:09 of 2nd period - Shot by Ethan Moreau.
5:09 of 2nd period - Goal by Ethan Moreau - Kings : 2 - Sabres : 4.
5:10 of 2nd period - Aaron Gagnon wins face-off versus Mike Richards in neutral zone.
5:12 of 2nd period - Jamie McBain is hit by Chris Phillips and loses puck.
5:26 of 2nd period - Shot by Mike Richards.
5:26 of 2nd period - Shot Misses the Net.
5:30 of 2nd period - Shot by Mike Richards.
5:30 of 2nd period - Stopped by Nikolai Khabibulin without a rebound.
5:31 of 2nd period - Craig Conroy wins face-off versus Mike Richards in Kings zone.
5:31 of 2nd period - Craig Conroy is hit by Andreas Nodl.
5:34 of 2nd period - Minor Penalty to Mike Richards for Tripping.
5:35 of 2nd period - Darroll Powe wins face-off versus Tuomo Ruutu in Sabres zone.
5:48 of 2nd period - Shot by Kent Huskins.
5:48 of 2nd period - Goal by Kent Huskins - Kings : 3 - Sabres : 4.
5:49 of 2nd period - Brooks Laich wins face-off versus Craig Conroy in neutral zone.
5:49 of 2nd period - James Neal is hit by Craig Adams and loses puck.
6:28 of 2nd period - Shot by Brooks Laich.
6:28 of 2nd period - Stopped by Nikolai Khabibulin without a rebound.
6:29 of 2nd period - Daniel Winnik wins face-off versus Paul Gaustad in Kings zone.
7:12 of 2nd period - Minor Penalty to Darroll Powe for Slashing.
7:13 of 2nd period - Mike Richards wins face-off versus Matt Duchene in Kings zone.
7:24 of 2nd period - Shot by Tuomo Ruutu.
7:24 of 2nd period - Shot Misses the Net.
7:34 of 2nd period - Shot by Mike Richards.
7:34 of 2nd period - Stopped by Nikolai Khabibulin with a rebound.
8:30 of 2nd period - Shot by James Neal.
8:30 of 2nd period - Stopped by Nikolai Khabibulin without a rebound.
8:31 of 2nd period - Daniel Winnik wins face-off versus Brooks Laich in Kings zone.
8:31 of 2nd period - Daniel Winnik is hit by James Neal.
9:45 of 2nd period - Shot by Johan Franzen.
9:45 of 2nd period - Deflect By Paul Gaustad.
9:45 of 2nd period - Shot Misses the Net.
10:43 of 2nd period - Shot by Ethan Moreau.
10:43 of 2nd period - Stopped by Ryan Miller without a rebound.
10:44 of 2nd period - Matt Duchene wins face-off versus Mike Richards in Sabres zone.
10:53 of 2nd period - Shot by Sean Bergenheim.
10:53 of 2nd period - Stopped by Ryan Miller without a rebound.
10:54 of 2nd period - Brooks Laich wins face-off versus Sean Bergenheim in Sabres zone.
11:08 of 2nd period - Jeff Schultz is hit by Sean Bergenheim and loses puck.
11:34 of 2nd period - Icing by Kent Huskins.
11:35 of 2nd period - Mike Richards wins face-off versus Sean Bergenheim in Kings zone.
11:48 of 2nd period - Shot by Chris Phillips.
11:48 of 2nd period - Stopped by Nikolai Khabibulin without a rebound.
11:49 of 2nd period - Aaron Gagnon wins face-off versus Johan Franzen in Kings zone.
12:18 of 2nd period - Minor Penalty to Colton Orr for Hooking.
12:19 of 2nd period - Tuomo Ruutu wins face-off versus Daniel Winnik in Kings zone.
13:45 of 2nd period - Shot by James Neal.
13:45 of 2nd period - Deflect By Brooks Laich.
13:45 of 2nd period - Shot Blocked by Daniel Winnik.
13:47 of 2nd period - Shot by Jeff Schultz.
13:47 of 2nd period - Shot Blocked by Craig Adams.
14:16 of 2nd period - Mike Richards is hit by Craig Conroy and loses puck.
14:34 of 2nd period - Icing by Joni Pitkanen.
14:35 of 2nd period - Paul Gaustad wins face-off versus Aaron Gagnon in Sabres zone.
14:47 of 2nd period - Jamie McBain is hit by Joni Pitkanen and loses puck.
15:54 of 2nd period - Dmitry Kulikov is hit by Michael Del Zotto and loses puck.
16:19 of 2nd period - Shot by Craig Adams.
16:19 of 2nd period - Stopped by Ryan Miller without a rebound.
16:20 of 2nd period - Brooks Laich wins face-off versus Craig Conroy in Sabres zone.
16:20 of 2nd period - Brooks Laich is hit by Craig Adams.
16:38 of 2nd period - Shot by Brooks Laich.
16:38 of 2nd period - Shot Misses the Net.
18:28 of 2nd period - Icing by Mike Richards.
18:29 of 2nd period - Mike Richards wins face-off versus Craig Conroy in Sabres zone.
18:50 of 2nd period - Jeff Schultz is hit by Craig Adams.
19:04 of 2nd period - Shot by Brooks Laich.
19:04 of 2nd period - Stopped by Nikolai Khabibulin with a rebound.
19:21 of 2nd period - Icing by Mike Lundin.
19:22 of 2nd period - Paul Gaustad wins face-off versus Byron Bitz in Kings zone.
19:27 of 2nd period - Shot by Patrick Kaleta.
19:27 of 2nd period - Stopped by Nikolai Khabibulin without a rebound.
19:28 of 2nd period - Darroll Powe wins face-off versus Patrick Kaleta in Kings zone.
19:28 of 2nd period - Darroll Powe is hit by Patrick Kaleta.

Period #3

0:01 of 3rd period - Matt Duchene wins face-off versus Mike Richards in neutral zone.
0:09 of 3rd period - Shot by Jamie McBain.
0:09 of 3rd period - Stopped by Ryan Miller without a rebound.
0:10 of 3rd period - Darroll Powe wins face-off versus Brooks Laich in Sabres zone.
0:20 of 3rd period - Icing by Jeff Schultz.
0:21 of 3rd period - Matt Duchene wins face-off versus Brooks Laich in Sabres zone.
0:42 of 3rd period - Shot by Brooks Laich.
0:42 of 3rd period - Shot Misses the Net.
0:46 of 3rd period - Shot by Brooks Laich.
0:46 of 3rd period - Shot Blocked by Michael Frolik.
0:48 of 3rd period - Shot by James Neal.
0:48 of 3rd period - Goal by James Neal - Kings : 3 - Sabres : 5.
0:48 of 3rd period - Ondrej Pavelec enters game.
0:49 of 3rd period - Darroll Powe wins face-off versus Tuomo Ruutu in neutral zone.
0:49 of 3rd period - Minor Penalty to Tuomo Ruutu for Close Hand On Puck.
0:50 of 3rd period - Mike Richards wins face-off versus Darroll Powe in Sabres zone.
1:42 of 3rd period - Darroll Powe is hit by Mike Richards and loses puck.
2:27 of 3rd period - Shot by Jamie McBain.
2:27 of 3rd period - Deflect By Matt Duchene.
2:27 of 3rd period - Stopped by Ryan Miller without a rebound.
2:28 of 3rd period - Mike Richards wins face-off versus Matt Duchene in Sabres zone.
2:38 of 3rd period - Shot by Jamie McBain.
2:38 of 3rd period - Shot Misses the Net.
2:46 of 3rd period - Shot by Matt Duchene.
2:46 of 3rd period - Shot Blocked by Tyler Myers.
2:48 of 3rd period - Shot by Bryan Allen.
2:48 of 3rd period - Deflect By Matt Duchene.
2:48 of 3rd period - Stopped by Ryan Miller with a rebound.
3:00 of 3rd period - Shot by Kim Johnsson.
3:00 of 3rd period - Shot Misses the Net.
3:17 of 3rd period - Byron Bitz is hit by Joni Pitkanen.
3:59 of 3rd period - Shot by Daniel Winnik.
3:59 of 3rd period - Stopped by Ryan Miller with a rebound.
4:01 of 3rd period - Shot by Daniel Winnik.
4:01 of 3rd period - Shot Misses the Net.
4:03 of 3rd period - Shot by Ethan Moreau.
4:03 of 3rd period - Stopped by Ryan Miller without a rebound.
4:04 of 3rd period - Brooks Laich wins face-off versus Jay Pandolfo in Sabres zone.
4:23 of 3rd period - Shot by Jay Pandolfo.
4:23 of 3rd period - Shot Misses the Net.
4:27 of 3rd period - Shot by Jay Pandolfo.
4:27 of 3rd period - Shot Misses the Net.
4:31 of 3rd period - Shot by Colton Orr.
4:31 of 3rd period - Stopped by Ryan Miller without a rebound.
4:32 of 3rd period - Darroll Powe wins face-off versus Brooks Laich in Sabres zone.
4:35 of 3rd period - Shot by Ethan Moreau.
4:35 of 3rd period - Shot Misses the Net.
4:49 of 3rd period - Shot by Eric Fehr.
4:49 of 3rd period - Shot Misses the Net.
4:51 of 3rd period - Shot by Brooks Laich.
4:51 of 3rd period - Stopped by Ondrej Pavelec without a rebound.
4:52 of 3rd period - Paul Gaustad wins face-off versus Michael Frolik in Kings zone.
4:55 of 3rd period - Shot by Johan Franzen.
4:55 of 3rd period - Goal by Johan Franzen - Kings : 3 - Sabres : 6.
4:56 of 3rd period - Paul Gaustad wins face-off versus Craig Conroy in neutral zone.
5:10 of 3rd period - Shot by Patrick Kaleta.
5:10 of 3rd period - Stopped by Ondrej Pavelec with a rebound.
5:20 of 3rd period - Shot by Johan Franzen.
5:20 of 3rd period - Shot Misses the Net.
5:31 of 3rd period - Icing by Chris Chelios.
5:32 of 3rd period - Craig Conroy wins face-off versus Mike Richards in Kings zone.
5:44 of 3rd period - Off-side.
5:45 of 3rd period - Brooks Laich wins face-off versus Ethan Moreau in neutral zone.
5:47 of 3rd period - James Neal is hit by Michael Del Zotto and loses puck.
5:49 of 3rd period - Minor Penalty to James Neal for Hooking.
5:50 of 3rd period - Tuomo Ruutu wins face-off versus Matt Duchene in Sabres zone.
5:50 of 3rd period - Tuomo Ruutu is hit by Sean Bergenheim.
6:04 of 3rd period - Shot by Tuomo Ruutu.
6:04 of 3rd period - Shot Misses the Net.
6:08 of 3rd period - Shot by Mike Richards.
6:08 of 3rd period - Stopped by Ondrej Pavelec without a rebound.
6:09 of 3rd period - Darroll Powe wins face-off versus Mike Richards in Kings zone.
6:18 of 3rd period - Shot by Ethan Moreau.
6:18 of 3rd period - Stopped by Ryan Miller with a rebound.
6:22 of 3rd period - Shot by Ethan Moreau.
6:22 of 3rd period - Stopped by Ryan Miller without a rebound.
6:23 of 3rd period - Matt Duchene wins face-off versus Tuomo Ruutu in Sabres zone.
6:31 of 3rd period - Icing by Michael Frolik.
6:32 of 3rd period - Matt Duchene wins face-off versus Tuomo Ruutu in Kings zone.
6:53 of 3rd period - Shot by Michael Frolik.
6:53 of 3rd period - Shot Misses the Net.
7:27 of 3rd period - Shot by Michael Del Zotto.
7:27 of 3rd period - Shot Misses the Net.
7:37 of 3rd period - Shot by Michael Del Zotto.
7:37 of 3rd period - Deflect By Ethan Moreau.
7:37 of 3rd period - Stopped by Ryan Miller without a rebound.
7:38 of 3rd period - Darroll Powe wins face-off versus Tuomo Ruutu in Sabres zone.
7:38 of 3rd period - Michael Del Zotto is hit by Anton Volchenkov and loses puck.
8:42 of 3rd period - Icing by Chris Phillips.
8:43 of 3rd period - Mike Richards wins face-off versus Aaron Gagnon in Sabres zone.
8:43 of 3rd period - Mike Richards is hit by Aaron Gagnon.
8:48 of 3rd period - Mike Richards is hit by Colton Orr.
9:04 of 3rd period - Shot by Mike Richards.
9:04 of 3rd period - Shot Misses the Net.
9:14 of 3rd period - Shot by Jamie McBain.
9:14 of 3rd period - Shot Misses the Net.
10:04 of 3rd period - Shot by Eric Fehr.
10:04 of 3rd period - Stopped by Ondrej Pavelec without a rebound.
10:05 of 3rd period - Paul Gaustad wins face-off versus Matt Duchene in Kings zone.
10:06 of 3rd period - Shot by Johan Franzen.
10:06 of 3rd period - Shot Blocked by Bryan Allen.
10:10 of 3rd period - Shot by Patrick Kaleta.
10:10 of 3rd period - Shot Hit the Post.
10:29 of 3rd period - Icing by Kim Johnsson.
10:30 of 3rd period - Craig Conroy wins face-off versus Paul Gaustad in Sabres zone.
10:37 of 3rd period - Shot by Craig Adams.
10:37 of 3rd period - Shot Blocked by Kim Johnsson.
11:06 of 3rd period - James Neal is hit by Craig Adams and loses puck.
11:11 of 3rd period - Jeff Schultz is hit by Craig Adams and loses puck.
11:24 of 3rd period - Shot by Eric Fehr.
11:24 of 3rd period - Stopped by Ondrej Pavelec without a rebound.
11:25 of 3rd period - Mike Richards wins face-off versus Matt Duchene in Kings zone.
11:26 of 3rd period - Shot by Tyler Myers.
11:26 of 3rd period - Stopped by Ondrej Pavelec with a rebound.
11:58 of 3rd period - Shot by Mike Richards.
11:58 of 3rd period - Stopped by Ondrej Pavelec without a rebound.
11:59 of 3rd period - Paul Gaustad wins face-off versus Darroll Powe in Kings zone.
11:59 of 3rd period - Kim Johnsson is hit by Michael Del Zotto and loses puck.
12:32 of 3rd period - Shot by Ethan Moreau.
12:32 of 3rd period - Shot Misses the Net.
12:36 of 3rd period - Shot by Daniel Winnik.
12:36 of 3rd period - Shot Blocked by Patrick Kaleta.
12:47 of 3rd period - Icing by Kim Johnsson.
12:48 of 3rd period - Paul Gaustad wins face-off versus Craig Conroy in Sabres zone.
12:58 of 3rd period - Icing by Craig Adams.
12:59 of 3rd period - Brooks Laich wins face-off versus Craig Conroy in Kings zone.
13:14 of 3rd period - Craig Adams is hit by James Neal and loses puck.
13:21 of 3rd period - Shot by James Neal.
13:21 of 3rd period - Shot Blocked by Mike Lundin.
13:23 of 3rd period - Shot by Brooks Laich.
13:23 of 3rd period - Shot Misses the Net.
14:14 of 3rd period - Chris Chelios is hit by Mike Richards and loses puck.
14:30 of 3rd period - Icing by Tuomo Ruutu.
14:31 of 3rd period - Devin Setoguchi wins face-off versus Darroll Powe in Sabres zone.
15:31 of 3rd period - Shot by James Neal.
15:31 of 3rd period - Stopped by Ondrej Pavelec with a rebound.
15:35 of 3rd period - Shot by Eric Fehr.
15:35 of 3rd period - Stopped by Ondrej Pavelec without a rebound.
15:36 of 3rd period - Mike Richards wins face-off versus Matt Duchene in Kings zone.
15:58 of 3rd period - Chris Phillips is hit by Bryan Allen and loses puck.
17:17 of 3rd period - Shot by Michael Frolik.
17:17 of 3rd period - Shot Misses the Net.
17:51 of 3rd period - Icing by Matt Duchene.
17:52 of 3rd period - Matt Duchene wins face-off versus Paul Gaustad in Kings zone.
18:07 of 3rd period - Shot by Johan Franzen.
18:07 of 3rd period - Stopped by Ondrej Pavelec without a rebound.
18:08 of 3rd period - Mike Richards wins face-off versus Darroll Powe in Kings zone.
18:36 of 3rd period - Minor Penalty to Michael Del Zotto for Roughing.
18:37 of 3rd period - Daniel Winnik wins face-off versus Tuomo Ruutu in Kings zone.
19:31 of 3rd period - Shot by Jeff Schultz.
19:31 of 3rd period - Stopped by Ondrej Pavelec without a rebound.
19:32 of 3rd period - James Neal wins face-off versus Daniel Winnik in Kings zone.


Output by the SimonT Hockey Simulator (STHS) for Stephane Roy -- Original Page W3C XHTML 1.0 Valid